 Dungeon Crawl Stone Soup version 0.31-a0-1301-g7e11add784 (webtiles) character file.

Game seed: 3262703253617785791

37755 skfef the Warmonger (level 13, 0/116 HPs)
             Began as a Minotaur Fighter on Dec 19, 2023.
             Was a High Priest of Okawaru.
             Slain by a death yak (23 damage)
             ... led by a torpor snail
             ... on level 10 of the Dungeon.
             The game lasted 00:30:11 (18020 turns).

skfef the Warmonger (Minotaur Fighter)             Turns: 18020, Time: 00:30:12

Health: 0/116      AC: 14    Str: 35    XL:     13   Next: 60%
Magic:  24/24      EV: 13    Int:  3    God:    Okawaru [*****.]
Gold:   443        SH:  6    Dex:  9    Spells: 12/12 levels left

rFire   . . .        p - +9 war axe (drain)
rCold   . . .        c - +0 buckler
rNeg    . . .        b - +0 scale mail
rPois   +            (helmet restricted)
rElec   .            (no cloak)
rCorr   +            j - +0 pair of gloves of the Black Moon {*Slow rPois rCorr Str+2}
SInv    +            i - +2 pair of boots
Will    .....        (no amulet) Stlth
                     h - ring of flight
HPRegen 0.39/turn    x - ring of see invisible
MPRegen 0.19/turn

%: slow self (1%)
@: flying
A: horns 2, retaliatory headbutt, hooves 1, strong 2
a: Renounce Religion, Heroism, Finesse, Duel


You were on level 10 of the Dungeon.
You worshipped Okawaru.
Okawaru was extremely pleased with you.
You visited 3 branches of the dungeon, and saw 16 of its levels.
You also visited: Ossuary.

You collected 955 gold pieces.
You spent 512 gold pieces at shops.

Inventory:

Hand Weapons
 a - a +0 war axe of freezing
 p - a +9 war axe of draining (weapon)
Missiles
 A - 5 throwing nets
Armour
 b - a +0 scale mail (worn)
 c - a +0 buckler (worn)
 i - a +2 pair of boots (worn)
 j - the +0 pair of gloves of the Black Moon (worn) {*Slow rPois rCorr Str+2}
   (You found it on level 12 of the Dungeon)

   Str+2:     It affects your strength (+2).
   rPois:     It protects you from poison rCorr: It protects you from acid and
   corrosion.
   *Slow:     It may slow you when you take damage.
 o - a +0 pair of gloves
Jewellery
 h - a ring of flight (left hand)
 s - a ring of resist corrosion
 t - a ring of willpower
 x - a ring of see invisible (right hand)
Wands
 q - a wand of paralysis (5)
 u - a wand of mindburst (22)
 C - a wand of polymorph (5)
 E - a wand of flame (19)
 G - a wand of iceblast (6)
Scrolls
 e - 4 scrolls of teleportation
 k - a scroll of blinking
 l - 3 scrolls of revelation
 r - 3 scrolls of enchant weapon
 y - a scroll of identify
 B - 2 scrolls of silence
 F - a scroll of immolation
Potions
 d - 2 potions of invisibility
 f - 6 potions of curing
 g - a potion of resistance
 m - 2 potions of ambrosia
 n - a potion of might
 w - 2 potions of magic
 z - a potion of attraction
 D - 2 potions of cancellation


   Skills:
 + Level 11.5 Fighting
 + Level 11.1 Axes
 + Level 11.4 Armour
 + Level 9.9 Dodging
 + Level 11.4 Shields
 - Level 16.0 Invocations


You had 12 spell levels left.
You didn't know any spells.
Your spell library contained the following spells:

 Spells                   Type           Power      Damage    Failure   Level
 Cigotuvi's Dreadful Rot  Necr/Pois/Air  0%         N/A       86%         2
 Dazzling Flash           Conj/Hex       0%         N/A       97%         3
 Volatile Blastmotes      Fire/Tloc      0%         2d10      97%         3
 Dispel Undead            Necr           0%         3d6       100%        4
 Starburst                Conj/Fire      0%         6d3       100%        6
 Maxwell's Capacitive Co  Air            0%         ∞         100%        8
 Death Channel            Necr           Unusable   N/A       N/A         6

Dungeon Overview and Level Annotations

Branches:
Dungeon (14/15)            Temple (1/1) D:6            Lair (1/5) D:10
    Orc (0/2) D:10         Vaults (0/5) D:13        Ossuary (visited)

Altars:
Ashenzari
Cheibriados
Dithmenos
Elyvilon
Fedhas
Gozag
Hepliaklqana
Kikubaaqudgha
Makhleb
Nemelex Xobeh
Okawaru
Qazlal
Ru
Sif Muna
Trog
Uskayaw
Vehumet
Wu Jian
Xom
Yredelemnul
Zin
The Shining One

Shops:
D:2 ?   D:9 ?   D:10 (*   D:14 (

Annotations:
D:14 exclusion: orange crystal statue, Bizboz's ghost, adept DjVM


Innate Abilities, Weirdness & Mutations

You have a pair of horns on your head.
You reflexively headbutt those who attack you in melee.
You have large cloven feet.
Your muscles are very strong. (Str +8, Int/Dex -2)


Message History

The death yak bellows!
You slice the polar bear!!
You kill the polar bear!
Okawaru accepts your kill.
Unknown command.
Found a hat.
Found a stone staircase leading down.
Unknown command.
A torpor snail comes into view.
Unknown command.
You slash the death yak!
The death yak is lightly wounded.
The death yak gores you but does no damage.
You feel yourself speed up. The death yak gores you.
Being near the torpor snail leaves you feeling lethargic.
The death yak attacks as it pursues you!
The death yak gores you!! The death yak closely misses you.
The death yak completely misses you. You furiously retaliate!
You headbutt the death yak.
There is a staircase back to the Dungeon here.
The death yak gores you!
* * * LOW HITPOINT WARNING * * *
The death yak gores you.
* * * LOW HITPOINT WARNING * * *
You fly upwards.
Welcome back to the Dungeon!
You feel yourself speed up.
There is a staircase to the Lair here.
Unknown command.
Okay, then.
Unknown command.
You barely miss the death yak.
You headbutt the death yak, but do no damage.
The death yak is lightly wounded.
The death yak gores you.
* * * LOW HITPOINT WARNING * * *
Unknown command.
You slice the death yak!!
The death yak is moderately wounded.
The death yak gores you!!
You die...

#...÷...#...#...............#....
#.......##..#.....(.........#....
#........#..#...............#....
#........#..'...............#....
#........#..#..######.......#....
.........#..####....#...##'##....
.....#####......<...#..[#........
#############################....
#.##.#..##.# ##@# #...# #....
(...###.#..# #.Y# ###.# #.[..
#........######..#####..[####....
###..........#...#.#....#'.##....
#######.............#.###.##....
#.####..#.....#......## #.##....
##....###....#.....#..######....
##.#### #..##..#.#.#...[# #....
#..# #####.###.####### #....


You could see a death yak.

Vanquished Creatures
  An entropy weaver (D:13)
  8 vault guards (D:13)
  Harold (D:9)
  A death knight (D:10)
  A boulder beetle (D:12)
  A centaur warrior (D:13)
  A hydra (D:14)
  6 two-headed ogres
  A tengu warrior (D:13)
  Sonja (D:11)
  An orc knight (D:13)
  A phantasmal warrior (D:10)
  Pikel (D:6)
  A deep elf pyromancer (D:14)
  10 ugly things
  3 cyclopes
  2 manticores
  A gargoyle (D:13)
  Maggie (D:6)
  An unseen horror (D:11)
  5 kobold demonologists
  3 komodo dragons
  A freezing wraith (D:10)
  A polar bear (Lair:1)
  2 hornets
  A queen bee (shapeshifter) (D:14)
  3 trolls
  13 slime creatures
  Sigmund (D:5)
  5 wraiths
  A spriggan (shapeshifter) (D:13)
  2 shadows (D:12)
  2 vampires
  A water elemental (D:13)
  3 wyverns
  3 basilisks
  15 yaks
  Eustachio (D:5)
  2 steam dragons
  3 vampire mosquitoes (D:11)
  2 acid dragons
  A water moccasin (D:5)
  2 sky beasts (D:7)
  An ice beast (D:7)
  2 orc warriors
  A black bear (D:5)
  An ogre (D:5)
  A centaur (D:5)
  6 wolves (Lair:1)
  A phantom (D:4)
  A lemure (D:6)
  Blork the orc (D:6)
  8 kobold brigands
  6 bullfrogs
  5 gnoll sergeants
  4 scorpions
  7 water moccasin zombies (Ossuary)
  3 wights (D:9)
  An electric eel (D:13)
  A howler monkey (D:9)
  4 hounds
  4 orc priests
  A gnoll bouda (D:9)
  A sleepcap (D:6)
  6 iguanas
  8 orc wizards
  3 crocodile zombies (Ossuary)
  2 mummies (Ossuary)
  19 gnolls
  4 adders
  A shadow imp (D:7)
  A white imp (D:7)
  4 ufetubi
  6 adder zombies (Ossuary)
  A worm (D:4)
  3 dart slugs
  30 orcs
  5 endoplasms
  4 giant cockroaches
  5 gnoll zombies (Ossuary)
  7 goblins
  9 hobgoblins
  3 jackals (D:5)
  7 quokkas
  5 ball pythons
  9 bats
  7 frilled lizards
  3 hobgoblin zombies (Ossuary)
  22 kobolds
  3 kobold zombies (Ossuary)
  6 orc zombies (Ossuary)
  10 rats
370 creatures vanquished.

Vanquished Creatures (others)
  An unseen horror (shapeshifter) (D:14)
  2 kobolds (D:6)
3 creatures vanquished.

Grand Total: 373 creatures vanquished

Notes
Turn   | Place    | Note
-------+----------+-------------------------------------------
     0 | D:1      | skfef the Minotaur Fighter began the quest for the Orb.
     0 | D:1      | Reached XP level 1. HP: 19/19 MP: 0/0
   173 | D:1      | Reached XP level 2. HP: 23/27 MP: 1/1
   396 | D:1      | Reached skill level 1 in Dodging
   719 | D:2      | Reached XP level 3. HP: 33/33 MP: 2/2
   923 | D:2      | Found Matt's Magic Scroll Emporium.
   926 | D:2      | Bought a scroll of enchant weapon for 105 gold pieces
   926 | D:2      | Bought a scroll of identify for 28 gold pieces
  1061 | D:2      | Found a basalt altar of Yredelemnul.
  1447 | D:2      | Bought a scroll of identify for 28 gold pieces
  1505 | D:3      | Reached XP level 4. HP: 39/40 MP: 3/3
  1515 | D:3      | Reached XP level 5. HP: 45/47 MP: 4/4
  2068 | D:3      | Found a basalt altar of Yredelemnul.
  2077 | D:3      | Found a shimmering blue altar of Sif Muna.
  2350 | D:4      | Found a sand-covered staircase.
  2359 | Ossuary  | Entered an ossuary
  2389 | Ossuary  | Reached XP level 6. HP: 42/55 MP: 5/5
  2447 | Ossuary  | Reached skill level 5 in Fighting
  2447 | Ossuary  | Reached skill level 5 in Armour
  2447 | Ossuary  | Reached skill level 5 in Shields
  2658 | Ossuary  | Reached XP level 7. HP: 48/61 MP: 6/6
  2816 | Ossuary  | Reached skill level 5 in Axes
  2916 | Ossuary  | Gained mutation: You are vulnerable to cold. (rC-) [potion
                  | of mutation]
  2916 | Ossuary  | Gained mutation: You are frail. (-10% HP) [potion of
                  | mutation]
  2916 | Ossuary  | Gained mutation: You are very frail. (-20% HP) [potion of
                  | mutation]
  2916 | Ossuary  | Gained mutation: Your muscles are strong. (Str +4, Int/Dex
                  | -1) [potion of mutation]
  3054 | D:4      | Identified a scroll of acquirement
  3054 | D:4      | Acquired a +5 war axe of draining
  3130 | D:4      | Found a glowing golden altar of the Shining One.
  3428 | D:4      | Found a large runed translucent door.
  3428 | D:4      | Found a large runed translucent door.
  3479 | D:4      | Found a stormy altar of Qazlal.
  3491 | D:4      | Found an opulent altar of Gozag.
  3522 | D:5      | Entered Level 5 of the Dungeon
  3583 | D:5      | Noticed Eustachio
  3597 | D:5      | Killed Eustachio
  3598 | D:5      | Reached XP level 8. HP: 28/56 MP: 4/7
  3817 | D:5      | Noticed Sigmund
  3826 | D:5      | Killed Sigmund
  4118 | D:5      | Reached skill level 5 in Dodging
  4130 | D:5      | Reached XP level 9. HP: 14/63 MP: 8/8
  4323 | D:5      | Identified the +1 dagger of Diet Blood {venom, rCorr MP+9
                  | Int+3}
  4338 | D:5      | Found a white marble altar of Elyvilon.
  4996 | D:6      | Noticed Pikel
  5015 | D:6      | Killed Pikel
  5211 | D:6      | Noticed Blork the orc
  5219 | D:6      | Killed Blork the orc
  5239 | D:6      | Found a staircase to the Ecumenical Temple.
  5249 | Temple   | Entered the Ecumenical Temple
  5255 | Temple   | Became a worshipper of Warmaster Okawaru
  5426 | D:6      | Noticed Maggie
  5608 | D:6      | Killed Maggie
  5984 | D:7      | Reached * piety under Okawaru
  5985 | D:7      | Reached XP level 10. HP: 72/72 MP: 9/9
  6429 | D:8      | Identified the +7 dagger of Integrity {freeze, ^Drain
                  | Int+4}
  6447 | D:8      | Reached skill level 2 in Invocations
  6514 | D:8      | Reached skill level 3 in Invocations
  6523 | D:8      | Reached skill level 4 in Invocations
  6527 | D:8      | Reached ** piety under Okawaru
  7044 | D:9      | Noticed Harold
  7052 | D:9      | Killed Harold
  7053 | D:9      | Reached skill level 7 in Invocations
  7158 | D:9      | Reached skill level 8 in Invocations
  7356 | D:9      | Found Kiomua's Magic Scroll Boutique.
  7628 | D:9      | Reached skill level 9 in Invocations
  7695 | D:9      | Reached *** piety under Okawaru
  8042 | D:10     | Entered Level 10 of the Dungeon
  8050 | D:10     | Reached skill level 10 in Invocations
  8136 | D:10     | Found a staircase to the Orcish Mines.
  8288 | D:10     | Reached skill level 11 in Invocations
  8519 | D:10     | Reached **** piety under Okawaru
  8520 | D:10     | Reached XP level 11. HP: 76/76 MP: 18/18
  8526 | D:10     | Reached skill level 12 in Invocations
  8774 | D:10     | Found a staircase to the Lair.
  9018 | D:10     | Reached skill level 13 in Invocations
  9120 | D:10     | Reached ***** piety under Okawaru
  9169 | D:10     | Noticed a phantasmal warrior
  9172 | D:10     | Noticed a death knight
  9176 | D:10     | Killed a phantasmal warrior
  9177 | D:10     | Reached skill level 14 in Invocations
  9186 | D:10     | Killed a death knight
  9186 | D:10     | Received a gift from Okawaru
  9447 | D:10     | Found Riwy's Antique Weapon Emporium.
  9567 | D:10     | Found Hoixkac's Assorted Antiques.
  9570 | D:10     | Bought a scroll of blinking for 142 gold pieces
  9570 | D:10     | Bought a scroll of teleportation for 57 gold pieces
  9570 | D:10     | Bought a potion of mutation for 152 gold pieces
  9584 | D:10     | Lost mutation: You are vulnerable to cold. (rC-) [potion of
                  | mutation]
  9584 | D:10     | Lost mutation: You are very frail. (-20% HP) [potion of
                  | mutation]
  9584 | D:10     | Gained mutation: You have large cloven feet. [potion of
                  | mutation]
  9584 | D:10     | Gained mutation: Your spells are a little harder to cast,
                  | but a little more powerful. [potion of mutation]
  9585 | D:10     | Lost mutation: Your spells are a little harder to cast, but
                  | a little more powerful. [potion of mutation]
  9585 | D:10     | Lost mutation: You are frail. (-10% HP) [potion of
                  | mutation]
  9585 | D:10     | Gained mutation: Your muscles are very strong. (Str +8,
                  | Int/Dex -2) [potion of mutation]
  9655 | D:11     | Noticed Sonja
  9667 | D:11     | Killed Sonja
  9996 | D:11     | Noticed a two-headed ogre
 10010 | D:11     | Killed a two-headed ogre
 10011 | D:11     | Reached skill level 15 in Invocations
 10214 | D:11     | Noticed a two-headed ogre
 10226 | D:11     | Killed a two-headed ogre
 10226 | D:11     | Received a gift from Okawaru
 10491 | D:11     | Noticed a two-headed ogre
 10500 | D:11     | Killed a two-headed ogre
 11185 | D:12     | Reached skill level 16 in Invocations
 11187 | D:12     | Reached XP level 12. HP: 96/103 MP: 21/23
 11497 | D:12     | Noticed a two-headed ogre
 11746 | D:12     | Killed a two-headed ogre
 11974 | D:12     | Noticed a boulder beetle
 11984 | D:12     | Killed a boulder beetle
 11988 | D:12     | Identified the +0 pair of gloves of the Black Moon {*Slow
                  | rPois rCorr Str+2}
 12121 | D:13     | Noticed a vault guard
 12121 | D:13     | Noticed a vault guard
 12121 | D:13     | Noticed a vault guard
 12122 | D:13     | Noticed a vault guard
 12123 | D:13     | Noticed a vault guard
 12124 | D:13     | Noticed a vault guard
 12127 | D:13     | Noticed a vault guard
 12128 | D:13     | Noticed a vault guard
 12294 | D:13     | Killed a vault guard
 12362 | D:13     | Noticed a two-headed ogre
 12371 | D:13     | Killed a two-headed ogre
 12516 | D:13     | Noticed a centaur warrior
 12540 | D:13     | Killed a centaur warrior
 12792 | D:13     | Killed a vault guard
 12937 | D:13     | Killed a vault guard
 12938 | D:13     | Reached skill level 10 in Fighting
 12938 | D:13     | Reached skill level 10 in Armour
 13152 | D:13     | Reached skill level 10 in Shields
 13157 | D:13     | Received a gift from Okawaru
 13346 | D:13     | Killed a vault guard
 13487 | D:13     | Killed a vault guard
 13759 | D:13     | Killed a vault guard
 13760 | D:13     | Reached skill level 10 in Axes
 13888 | D:13     | Killed a vault guard
 14186 | D:13     | Killed a vault guard
 14187 | D:13     | Reached XP level 13. HP: 114/114 MP: 24/24
 14206 | D:13     | Found a gate to the Vaults.
 14784 | D:14     | Received a gift from Okawaru
 14861 | D:14     | Found a shadowy altar of Dithmenos.
 15010 | D:14     | Noticed Nessos
 15279 | D:14     | Nessos changed into Nessos the entropy weaver
 15279 | D:14     | Noticed Nessos
 15291 | D:13     | Killed Nessos the entropy weaver
 16374 | D:14     | Found Tahoeffa's Antique Weapon Emporium.
 16397 | D:14     | Noticed Bizboz's ghost (adept DjVM)
 16398 | D:14     | Found a runed translucent door.
 17162 | D:14     | Received a gift from Okawaru
 17984 | Lair:1   | Entered Level 1 of the Lair of Beasts
 18020 | D:10     | Slain by a death yak

Illustrated notes

Levels and vault maps discovered:
D:1:      wander_arrival_estate, layout_loops_cross, minmay_pentomino_z4
D:2:      layout_basic, basic_altar, serial_shops,
          nicolae_shop_tiny_real_fake_doors
D:3:      layout_loops_ring, mainiacjoe_overflow_swirl
D:4:      layout_loops_ring, lemuel_round_altar, jmf_multi_god_temple2,
          serial_bayou, serial_bayou_pond_a, serial_bayou_shore_b,
          serial_bayou_pond_c, serial_bayou_pond_d, chequers_ossuary_entry_cave
D:5:      layout_cave_pods, nicolae_overflow_hidden_temple, uniq_eustachio,
          uniq_sigmund
D:6:      layout_basic, minmay_temple_entry_waves, serial_corexii_hall,
          chequers_hall_statues_y, corexii_hall_statues_t, corexii_corridor_pit,
          uniq_maggie, uniq_pikel, uniq_blork_the_orc
D:7:      layout_basic
D:8:      layout_cave_pools, corexii_corridor_pit
D:9:      layout_stronghold, serial_shops, kennysheep_mini, uniq_harold
D:10:     layout_irregular_city, erik_lair_dragon, serial_shops,
          nicolae_shop_statue_plus, kennysheep_mini_moat, st_stairs_12
D:11:     layout_basic, uniq_sonja
D:12:     layout_rooms
D:13:     statuecave_lemuel, layout_long_grid, erik_vaults_2
D:14:     layout_loops_ring, chequers_decorated_corner, serial_shops,
          nicolae_take_the_stairs, hellmonk_ghost_happy_afterlife, minivault_16,
          nicolae_dithmenos_the_darkroom, uniq_nessos
Temple:   eino_temple_rhombus
Lair:1:   layout_chaotic_city, chequers_serial_rivers_micro_e

Skill      XL: |  1  2  3  4  5  6  7  8  9 10 11 12 13 |
---------------+----------------------------------------+-----
Dodging        | 1 2 3 4 5 6 7 8 9 |  9.9
Armour         | 4 5 6 7 8 10 11 | 11.4
Fighting       | 4 5 6 7 8 10 11 | 11.5
Shields        | 4 5 6 7 8 10 11 | 11.4
Axes           | 3 4 5 6 8 10 11 | 11.1
Invocations    | 11 16 | 16.0

Action                     |  1- 3 |  4- 6 |  7- 9 | 10-12 | 13-15 || total
---------------------------+-------+-------+-------+-------+-------++-------
  Melee: War axe           |    93 |   187 |   179 |   387 |   174 ||  1020
         Headbutt          |    10 |    32 |    29 |    83 |    30 ||   184
 Invoke: Heroism           |       |       |       |     4 |     1 ||     5
  Evoke: Wand              |       |       |       |    11 |    10 ||    21
    Use: Scroll            |     7 |     6 |    10 |    14 |     6 ||    43
         Potion            |       |       |     8 |    11 |     6 ||    25
 Armour: Scale mail        |    57 |   122 |   163 |   335 |   174 ||   851
         Skin              |       |       |       |     5 |    21 ||    26
  Dodge: Dodged            |    52 |    89 |    95 |   193 |    92 ||   521
  Block: Buckler           |    24 |    35 |    62 |   124 |    45 ||   290

Table legend: (Time is in decaauts)
 A = Elapsed time spent in this place.
 B = Non-inter-level travel time spent in this place.
 C = Inter-level travel time spent in this place.
 D = Time resting spent in this place.
 E = Time spent auto-exploring this place.
 F = Levels seen in this place.
 G = Mean time per level.
                   A        B        C        D        E       F      G
               +--------+--------+--------+--------+--------+-----+--------+
         Total |  18244 |  17714 |    530 |   1394 |  13357 |  17 | 1073.2 |
       Dungeon |  17583 |  17059 |    524 |   1327 |  13053 |  14 | 1255.9 |
        Temple |     12 |      6 |      6 |      0 |      0 |   1 |   12.0 |
          Lair |     41 |     41 |      0 |      0 |      0 |   1 |   41.0 |
       Ossuary |    606 |    606 |      0 |     67 |    304 |   1 |  606.0 |
               +--------+--------+--------+--------+--------+-----+--------+

Top non-repeatable levels by time:
    D:14: 2576 daAuts
    D:13: 2493 daAuts
    D:11: 1816 daAuts
    D:10: 1669 daAuts
     D:5: 1466 daAuts
    D:12: 1455 daAuts
     D:9: 966 daAuts
     D:4: 882 daAuts
     D:6: 857 daAuts
     D:2: 797 daAuts
     D:1: 703 daAuts
     D:8: 671 daAuts
     D:3: 640 daAuts
 Ossuary: 606 daAuts
     D:7: 587 daAuts
